 Dungeon Crawl Stone Soup version 0.25.0-11-g1f837a76a1 (webtiles) character file.

Game seed: 4091975691446017077

12476 Flugkiller the Unseen (level 11, -15/52 (53) HPs)
             Began as a Spriggan Enchanter on June 27, 2020.
             Was a Priest of Dithmenos.
             Killed from afar by Asparus's ghost (51 damage)
             ... with a fireball
             ... on level 5 of the Lair of Beasts.
             The game lasted 00:27:35 (9832 turns).

Flugkiller the Unseen (Spriggan Enchanter)          Turns: 9832, Time: 00:27:36

HP:   -15/52 (53)   AC:  6    Str:  4    XL:     11   Next: 63%
MP:   12/19         EV: 45    Int: 17    God:    Dithmenos [***...]
Gold: 625           SH:  0    Dex: 20    Spells: 6/20 levels left

rFire    x . .     SeeInvis +   g - +3 dagger (chaos)
rCold    + . .     Gourm    .   (shield restricted)
rNeg     + . .     Faith    .   b - +1 robe
rPois    .         Spirit   .   (helmet restricted)
rElec    .         Reflect  .   C - +2 cloak
rCorr    .         Harm     .   (gloves unavailable)
MR       +....                  (boots unavailable)
Stlth    +++++++++.             r - amulet of the acrobat
HPRegen  0.17/turn              m - ring of positive energy
MPRegen  0.16/turn              y - ring of ice

@: about to teleport, acrobat, wreathed by umbra, very quick
A: very small, unfitting armour, see invisible, herbivore, speed 3, slow
metabolism 2
a: Shadow Step, Renounce Religion


You were on level 5 of the Lair of Beasts.
You worshipped Dithmenos.
Dithmenos was most pleased with you.
You were not hungry.

You visited 2 branches of the dungeon, and saw 16 of its levels.

You collected 625 gold pieces.

Inventory:

Hand Weapons
 g - a +3 dagger of chaos (weapon)
   (You took it off a crimson imp on level 4 of the Dungeon)
 t - a +2 dagger of draining
   (You took it off an orc on level 6 of the Dungeon)
Missiles
 j - 2 throwing nets (quivered)
Armour
 b - a +1 robe (worn)
 q - a +0 buckler
   (You found it on level 3 of the Dungeon)
 C - a +2 cloak (worn)
   (You found it on level 2 of the Lair of Beasts)
Jewellery
 f - an uncursed ring of resist corrosion
   (You found it on level 2 of the Dungeon)
 h - an uncursed ring of flight
   (You found it on level 1 of the Dungeon)
 i - a +6 ring of strength
   (You found it on level 8 of the Dungeon)
 m - a ring of positive energy (left hand)
   (You found it on level 7 of the Dungeon)
 r - an amulet of the acrobat (around neck)
   (You found it on level 3 of the Dungeon)
 y - a ring of ice (right hand)
   (You found it on level 9 of the Dungeon)
Wands
 a - a wand of paralysis (9)
   (You found it on level 7 of the Dungeon)
 k - a wand of clouds (4)
   (You found it on level 4 of the Lair of Beasts)
 o - a wand of acid (8)
   (You found it on level 5 of the Dungeon)
 E - a wand of flame (18)
   (You found it on level 2 of the Lair of Beasts)
Scrolls
 c - a scroll of identify
 e - a scroll of enchant armour
 l - 3 scrolls of teleportation
 n - a scroll of fog
 p - 2 scrolls of immolation
 v - a scroll of holy word {unknown}
 w - 2 scrolls of fear
 A - 2 scrolls of amnesia
 B - 2 scrolls of vulnerability {unknown}
 F - a scroll of random uselessness {unknown}
Potions
 s - 4 potions of might
 x - 4 potions of heal wounds
 z - 3 potions of brilliance {unknown}
 D - 2 potions of mutation {unknown}
Miscellaneous
 u - a lightning rod (4/4)
   (You found it on level 5 of the Lair of Beasts)
Comestibles
 d - 12 rations


   Skills:
 - Level 4.0 Fighting
 - Level 4.0 Short Blades
 - Level 13.0 Dodging
 + Level 15.6 Stealth
 - Level 5.0 Spellcasting
 - Level 12.0 Hexes
 - Level 4.0 Translocations
 - Level 3.0 Evocations


You had 6 spell levels left.
You knew the following spells:

 Your Spells              Type           Power        Failure   Level  Hunger
a - Corona                Hex            #####..      1%          1    None
b - Ensorcelled Hibernat  Hex/Ice        #####.       1%          2    #......
c - Confusing Touch       Hex            #####...     1%          3    ###....
d - Tukima's Dance        Hex            #####...     1%          3    ###....
e - Cause Fear            Hex            #####.....   1%          4    ####...
q - Apportation           Tloc           ###...       2%          1    None

Your spell library contained the following spells:

 Spells                   Type           Power        Failure   Level  Hunger
 Slow                     Hex            #####...     1%          2    #......
 Portal Projectile        Hex/Tloc       ####..       1%          3    ###....
 Dazzling Flash           Conj/Hex       ###...       3%          3    ###....
 Inner Flame              Hex/Fire       ###.....     3%          3    ###....
 Summon Guardian Golem    Hex/Summ       ###.....     3%          3    ###....
 Leda's Liquefaction      Hex/Erth       ###.......   12%         4    ####...
 Animate Skeleton         Necr           N/A          14%         1    None
 Beastly Appendage        Tmut           #.....       14%         1    None
 Shock                    Conj/Air       #...         14%         1    None
 Summon Small Mammal      Summ           #...         14%         1    None
 Call Imp                 Summ           #.......     22%         2    #......
 Sticks to Snakes         Tmut           #.......     22%         2    #......
 Swiftness                Chrm/Air       #.......     22%         2    #......
 Call Canine Familiar     Summ           #.......     38%         3    ###....
 Spider Form              Tmut/Pois      #.........   38%         3    ###....
 Static Discharge         Conj/Air       #.......     38%         3    ###....
 Airstrike                Air            #.........   80%         4    ####...
 Ice Form                 Ice/Tmut       #.......     80%         4    ####...
 Summon Ice Beast         Ice/Summ       #.......     80%         4    ####...
 Summon Lightning Spire   Summ/Air       #.......     80%         4    ####...
 Blade Hands              Tmut           #.........   98%         5    ######.
 Lightning Bolt           Conj/Air       #.........   98%         5    ######.


Dungeon Overview and Level Annotations

Branches:
Dungeon (11/15)              Lair (5/6) D:8           Snake (0/4) Lair:4
    Orc (0/2) D:11
 Temple: D:4-7        Swamp: Lair:2-4    Shoals: Lair:2-4     Slime: Lair:5-6

Altars:
Ashenzari
Dithmenos
Elyvilon
Fedhas
Makhleb
Okawaru
Trog
Xom
Zin
The Shining One

Portals:
Ice
Cave: Lair:2

Annotations:
D:4 exclusion: worker ant
D:6 1 exclusion
D:7 exclusion: orc
D:9 exclusion: 2 yaks
Lair:1 exclusion: oklob plant
Lair:2 exclusions: 3 blink frogs and 1 more exclusion
Lair:3 exclusions: 3 blink frogs and 3 yaks
Lair:4 shoals
Lair:5 1 transporter, exclusion: elephant, Asparus's ghost, journeyman DEAE


Innate Abilities, Weirdness & Mutations

You are very small and have problems with some larger weapons.
You are too small for most types of armour.
You have supernaturally acute eyesight. (SInv)
You are a herbivore.
You cover ground extremely quickly.
You need to consume almost no food.


Message History

A rime drake comes into view.
Casting: Ensorcelled Hibernation (safe; 1% risk of failure)
Confirm with . or Enter, or press ? or * to list all spells.
Okay, then.
Casting: Ensorcelled Hibernation (safe; 1% risk of failure)
Confirm with . or Enter, or press ? or * to list all spells.
Your hands begin to glow red.
You hit the rime drake but do no damage.
The rime drake closely misses you.
You hit the rime drake but do no damage.
The rime drake appears confused.
The rime drake completely misses you.
You strike the helpless rime drake from behind!
You spit the rime drake like a pig!!!
You kill the rime drake!
Dithmenos accepts your kill.
Found a ration and 2 potions of might.
s - 4 potions of might (gained 2)
Found a hand crossbow.
Found a manual of Charms.
An elephant comes into view.
Press: ? - help, v - describe, . - travel, g - get item A manual of Charms.
The floor.
Unknown command.
Found 18 stones.
There is a transporter here.
You enter the transporter and appear at another place.
A spriggan and a spriggan rider come into view.
The spriggan rider is wielding the +7 spear of the Thirsty Persimmons {antimagic, Int+3}.
The spriggan shouts!
The spriggan rider shouts!
Asparus's ghost turns its malevolent gaze towards you.
You hear a shout! x2
The spriggan rider barely misses you. The spriggan rider blocks your attack.
The spriggan misses you. The spriggan rider barely misses you.
As you read the scroll of teleportation, it crumbles to dust.
You feel strangely unstable. The spriggan completely misses you. x2
The spriggan rider hits you with the +7 spear of the Thirsty Persimmons {antimagic, Int+3}!
You feel your power leaking away.
Unknown command.
The spriggan completely misses you.
There is a transporter landing site here.
Unknown command.
Unknown command.
Unknown command.
Really walk into a travel-excluded area?
Asparus's ghost points at you and mumbles some strange words.
The fireball explodes!
The fireball engulfs you!!! The fire burns you terribly!
Ouch! That really hurt!
You die...

.....##..P......#.....
Y..................#..
....................#.
...............#......
#....................#...
.#P.......#####...........
........###.%.###..#..†...
....... #.....# ##........ #.....
##@#..### #....#..P
#.....##.###.#≈####.....P.
......#...P..#.##§§.)#...#....#P.
.........P..©#W.y#._:...©#©......
...)...P....#iiii.$(#...#...#.#.
#......#...##.i..#≈#..##.......
##...........#....####.#..#PP..#
#............##......# #...≈....
##...........###...## ....#...#


You could see Asparus's ghost.

Vanquished Creatures
  A cyclops (D:11)
  A manticore (D:11)
  A black mamba (Lair:5)
  A guardian serpent (D:7)
  2 spiny frogs
  A rime drake (Lair:5)
  4 komodo dragons
  2 trolls
  A polar bear (Lair:3)
  3 hippogriffs
  4 blink frogs (Lair:2)
  A spriggan (Lair:3)
  A shadow (D:10)
  A wyvern (D:10)
  A wraith (D:11)
  7 yaks
  Eustachio (D:4)
  3 basilisks
  6 water moccasins
  3 porcupines
  An orc warrior (D:8)
  An ice beast (D:5)
  3 sky beasts
  2 black bears
  2 necrophages (D:10)
  4 ogres
  4 centaurs
  4 wolves
  3 crocodiles
  3 big kobolds
  7 bullfrogs
  4 scorpions
  4 killer bees (D:7)
  A howler monkey (D:6)
  A wight (D:5)
  6 crimson imps
  A bullfrog skeleton (D:11)
  2 jellies
  2 centaur skeletons
  4 orc priests
  3 hounds
  3 iguanas
  Natasha (D:2)
  2 orc wizards
  2 worker ants (D:5)
  2 hound zombies
  A worker ant zombie (D:8)
  Robin (D:3)
  A gnoll (D:4)
  An adder (D:10)
  4 shadow imps
  3 oozes
  2 worms
  3 dart slugs
  2 leopard geckos
  7 orcs
  2 giant cockroaches
  11 goblins
  A hobgoblin (D:3)
  16 jackals
  13 kobolds
  A quokka (D:5)
  4 bats
  4 frilled lizards
  A leopard gecko zombie (D:7)
  A quokka zombie (D:7)
  7 rats (D:1)
203 creatures vanquished.

Vanquished Creatures (collateral kills)
  An ogre (D:6)
  2 wights
3 creatures vanquished.

Vanquished Creatures (others)
  A dancing weapon (D:6)
  A jackal (D:4)
  A kobold (D:7)
3 creatures vanquished.

Grand Total: 209 creatures vanquished

Notes
Turn   | Place    | Note
-------+----------+-------------------------------------------
     0 | D:1      | Flugkiller the Spriggan Enchanter began the quest for the
                  | Orb.
     0 | D:1      | Reached XP level 1. HP: 9/9 MP: 5/5
   207 | D:1      | Reached skill level 5 in Stealth
   238 | D:1      | Reached XP level 2. HP: 13/13 MP: 4/6
   327 | D:1      | Reached skill level 6 in Stealth
   489 | D:2      | Noticed Natasha
   821 | D:1      | Reached XP level 3. HP: 4/16 MP: 5/8
   825 | D:1      | Learned a level 2 spell: Ensorcelled Hibernation
   829 | D:1      | Learned a level 3 spell: Confusing Touch
  1289 | D:2      | Killed Natasha
  1289 | D:2      | Reached skill level 7 in Stealth
  1299 | D:2      | Found a blossoming altar of Fedhas.
  1394 | D:3      | Reached XP level 4. HP: 21/21 MP: 9/9
  1631 | D:4      | Reached skill level 8 in Stealth
  1653 | D:4      | Reached XP level 5. HP: 15/24 MP: 1/11
  1776 | D:4      | Found a shimmering altar of Xom.
  1777 | D:4      | Found a burning altar of Makhleb.
  1843 | D:4      | Noticed Eustachio
  1871 | D:4      | Killed Eustachio
  1871 | D:4      | Reached XP level 6. HP: 11/28 MP: 4/13
  2438 | D:3      | Noticed Robin
  2642 | D:3      | Killed Robin
  3011 | D:5      | Entered Level 5 of the Dungeon
  3128 | D:5      | Reached XP level 7. HP: 17/32 MP: 9/14
  3168 | D:5      | Learned a level 3 spell: Tukima's Dance
  3462 | D:5      | Reached skill level 1 in Fighting
  3909 | D:6      | Reached skill level 5 in Dodging
  3909 | D:6      | Reached XP level 8. HP: 39/39 MP: 15/15
  3927 | D:6      | Found a shadowy altar of Dithmenos.
  3927 | D:6      | Found a glowing silver altar of Zin.
  3928 | D:6      | Found a bloodstained altar of Trog.
  3934 | D:6      | Became a worshipper of Dithmenos the Shadowed
  4390 | D:7      | Noticed a hippogriff
  4395 | D:7      | Killed a hippogriff
  5139 | D:7      | Reached skill level 10 in Dodging
  5231 | D:7      | Noticed Harold
  5244 | D:7      | Noticed Harold
  5244 | D:7      | Harold changed into Harold the guardian serpent
  5271 | D:7      | Killed Harold the guardian serpent
  5271 | D:7      | Reached * piety under Dithmenos
  5271 | D:7      | Reached XP level 9. HP: 30/44 MP: 4/16
  5375 | D:7      | Found a bloodstained altar of Trog.
  5503 | D:7      | Noticed a two-headed ogre
  5549 | D:8      | Found a glowing golden altar of the Shining One.
  5875 | D:8      | Found a shattered altar of Ashenzari.
  6021 | D:8      | Reached skill level 9 in Stealth
  6221 | D:8      | Noticed a troll
  6231 | D:8      | Killed a troll
  6392 | D:8      | Reached skill level 10 in Stealth
  6641 | D:9      | Found a white marble altar of Elyvilon.
  6641 | D:9      | Found an iron altar of Okawaru.
  6855 | D:9      | Reached skill level 11 in Stealth
  6946 | D:9      | Reached ** piety under Dithmenos
  7073 | D:10     | Entered Level 10 of the Dungeon
  7115 | D:10     | Reached XP level 10. HP: 49/49 MP: 15/17
  7261 | D:10     | Learned a level 4 spell: Cause Fear
  7325 | D:11     | Found a staircase to the Orcish Mines.
  7327 | D:11     | Reached skill level 12 in Stealth
  7359 | D:11     | Noticed a cyclops
  7373 | D:11     | Killed a cyclops
  7539 | D:11     | Reached skill level 5 in Spellcasting
  7578 | D:11     | Noticed a manticore
  7589 | D:11     | Killed a manticore
  7618 | D:10     | Reached skill level 10 in Hexes
  8089 | D:8      | Found a staircase to the Lair.
  8102 | Lair:1   | Entered Level 1 of the Lair of Beasts
  8174 | Lair:2   | Found a frozen archway.
  8412 | Lair:1   | Noticed an oklob plant
  8538 | Lair:2   | Reached *** piety under Dithmenos
  8538 | Lair:2   | Reached XP level 11. HP: 40/52 MP: 12/19
  8577 | Lair:2   | Learned a level 1 spell: Apportation
  8672 | Lair:2   | Reached skill level 1 in Translocations
  9114 | Lair:3   | Reached skill level 13 in Stealth
  9229 | Lair:4   | shoals
  9257 | Lair:4   | Reached skill level 14 in Stealth
  9343 | Lair:4   | Found a staircase to the Snake Pit.
  9352 | Lair:4   | lol
  9371 | Lair:4   | Noticed a five-headed hydra
  9501 | Lair:5   | Reached skill level 15 in Stealth
  9669 | Lair:5   | Found a bloodstained altar of Trog.
  9669 | Lair:5   | Noticed Asparus's ghost (journeyman DEAE)
  9753 | Lair:5   | Found a transporter.
  9757 | Lair:5   | Found a transporter.
  9820 | Lair:5   | Identified the +9 demon trident "Pyizang" {freeze, rPois
                  | rC+ rN+}
  9820 | Lair:5   | Noticed a spriggan rider
  9823 | Lair:5   | Identified the +7 spear of the Thirsty Persimmons
                  | {antimagic, Int+3}
  9823 | Lair:5   | Noticed a spriggan rider
  9832 | Lair:5   | Killed from afar by Asparus's ghost

Illustrated notes

..P.....P....##
P.......P.....#
..PP...P....P#
.............#
..P.........####
..........†.P..#######
t.....................
.......<...........(..
##...#.#.#.#.#@.......
#.. ..#.#######.......
. .S...# .......
#####. ....... #
....... .......
....... ##.....


Turn 9229 on Lair:4: shoals #. . ... # #.P # ###.# # #.#.# # ## #..###### ######
# P##..##.#.#..####..#.### ........................ .......@>...............
###P..##..##.#.###.####. ### ######### ### ## Turn 9352 on Lair:4: lol

Levels and vault maps discovered:
D:1:      minmay_arrival_plants_in_alcoves, layout_basic, serial_bayou_lake_a
D:2:      layout_basic, grunt_temple_overflow_holy_war, fedhas_ov_isle_minmay,
          uniq_terence, uniq_sigmund, uniq_natasha
D:3:      layout_basic, uniq_robin, uniq_grinder
D:4:      minmay_chambers_of_twos, layout_loops_cross,
          grunt_temple_overflow_champion_of_chaos, kennysheep_mini_moat,
          minmay_temple_entry_proselytizer, first_ration, uniq_eustachio
D:5:      layout_cave_pools, minmay_crystal_room
D:6:      layout_basic, gammafunk_temple_overflow_claw
D:7:      minmay_opposing_rooms, layout_loops_corners, bloody_trog, uniq_harold
D:8:      minmay_angry_zag, layout_basic, ashenzari_conservatory_becter,
          nicolae_overflow_hidden_temple, erik_lair_island, basic_altar
D:9:      layout_loops_ring, marbit_many_paths,
          gammafunk_temple_overflow_elements, hangedman_fish_farm,
          hangedman_decor_clover_reticule, grunt_qazlal_sundering
D:10:     layout_basic
D:11:     layout_cave_pools, orc_0_dummy, nicolae_dithmenos_shadow_blocks
Lair:1:   layout_cave_pods, serial_bayou_ford_a, minmay_lair_oklob_chamber,
          uniq_sonja
Lair:2:   layout_cave_shapes, portal_ice_cave_entry_pillars_1, uniq_nergalle
Lair:3:   layout_regular_city, forest_entry_grove
Lair:4:   layout_long_grid, minmay_shoals_entry_centaurs, dummy_snake_entry,
          beast_lair_carwin_3, grunt_megastairs_2
Lair:5:   layout_gridlike, gammafunk_ghost_wrathful_warriors, minivault_24,
          disabler_island

Skill      XL: |  1  2  3  4  5  6  7  8  9 10 11 |
---------------+----------------------------------+-----
Stealth        | 5 6 7 8 11 12 15 | 15.6
Spellcasting   | 3 4 5 |  5.0
Hexes          | 4 6 8 11 12 | 12.0
Fighting       | 2 3 4 |  4.0
Short Blades   | 3 4 |  4.0
Dodging        | 5 10 12 13 | 13.0
Evocations     | 2 3 |  3.0
Translocations | 4 |  4.0

Action                   |  1- 3 |  4- 6 |  7- 9 | 10-12 || total
-------------------------+-------+-------+-------+-------++-------
Melee: Dagger            |    92 |   151 |   249 |   119 ||   611
 Cast: Corona            |    15 |     1 |       |       ||    16
       Ensorcelled Hiber |     2 |    26 |    61 |    54 ||   143
       Confusing Touch   |       |       |    13 |     8 ||    21
       Tukima's Dance    |       |       |     7 |       ||     7
Evoke: Wand              |       |       |     1 |       ||     1
  Use: Scroll            |       |     8 |     4 |     9 ||    21
       Potion            |       |     1 |     6 |       ||     7
 Stab: Sleeping          |    12 |    19 |    38 |    53 ||   122
       Paralysed         |       |     1 |     2 |       ||     3
       Confused          |       |       |     5 |     7 ||    12
  Eat: Ration            |       |     1 |     4 |     2 ||     7
Armor: Robe              |    10 |    23 |     8 |     7 ||    48
Dodge: Dodged            |    91 |   132 |   231 |   131 ||   585
